 Dungeon Crawl Stone Soup version 0.27-a0-1182-gee19b5822f (webtiles) character file.

Game seed: 14187715023436820214

6694 EldarEldrad the Cleaver (level 10, -6/132 HPs)
             Began as a Minotaur Berserker on May 17, 2021.
             Was an Elder of Trog.
             Mangled by a tengu warrior
             ... wielding a +2 great mace of distortion
              (18 damage)
             ... on level 9 of the Dungeon on May 18, 2021.
             The game lasted 00:33:43 (9830 turns).

EldarEldrad the Cleaver (Minotaur Berserker)        Turns: 9830, Time: 00:33:44

Health: -6/132     AC: 21    Str: 24    XL:     10   Next: 74%
Magic:  9/9        EV: 11    Int:  4    God:    Trog [****..]
Gold:   108        SH:  0    Dex: 11    Spells: 9/9 levels left

rFire    + . .     SeeInvis .   a - +0 war axe
rCold    . . .     Faith    .   (no shield)
rNeg     . . .     Spirit   .   r - +0 chain mail
rPois    .         Reflect  .   (helmet restricted)
rElec    .         Harm     .   l - +0 cloak
rCorr    .         Rampage  .   n - +1 pair of gloves
Will     .....                  v - +1 pair of boots
Stlth    ..........             (no amulet)
HPRegen  0.32/turn              F - ring of protection from fire
MPRegen  0.11/turn              C - +4 ring of protection

@: berserking (expiring), very quick
A: horns 2, retaliatory headbutt
a: Renounce Religion, Berserk, Trog's Hand, Brothers in Arms


You were on level 9 of the Dungeon.
You worshipped Trog.
Trog was greatly pleased with you.
You visited 2 branches of the dungeon, and saw 10 of its levels.

You collected 391 gold pieces.
You spent 283 gold pieces at shops.

Inventory:

Hand Weapons
 a - a +0 war axe (weapon)
 b - a +2 vorpal flail
 y - a +0 broad axe
Missiles
 o - 16 poisoned darts (quivered)
 s - 2 throwing nets
Armour
 d - a +0 plate armour
 l - a +0 cloak (worn)
 n - a +1 pair of gloves (worn)
 r - a +0 chain mail (worn)
 v - a +1 pair of boots (worn)
Jewellery
 g - a ring of flight
 C - a +4 ring of protection (right hand)
 E - a ring of protection from cold
 F - a ring of protection from fire (left hand)
 H - a ring of poison resistance
 K - a ring of protection from fire
Wands
 i - a wand of acid (11)
 p - a wand of polymorph (11)
 w - a wand of iceblast (7)
 G - a wand of flame (14)
Scrolls
 c - a scroll of enchant armour
 f - a scroll of amnesia {unknown}
 h - 2 scrolls of vulnerability {unknown}
 j - 2 scrolls of silence {unknown}
 m - a scroll of fear {unknown}
 u - 3 scrolls of teleportation {unknown}
 z - a scroll of brand weapon {unknown}
 A - a scroll of torment {unknown}
 B - a scroll of fog {unknown}
 I - a scroll of noise {unknown}
 J - a scroll of enchant weapon {unknown}
 L - a scroll of immolation {unknown}
Potions
 e - 2 potions of ambrosia
 k - 3 potions of haste
 q - 4 potions of lignification
 t - a potion of curing
 x - 3 potions of attraction
 D - a potion of cancellation


   Skills:
 - Level 8.0 Fighting
 * Level 13.0 Axes
 + Level 9.6 Armour
 + Level 8.8 Dodging


You had 9 spell levels left.
You didn't know any spells.
Your spell library was empty.

Dungeon Overview and Level Annotations

Branches:
Dungeon (9/15)             Temple (1/1) D:7
   Lair: D:8-11         Orc: D:9-12

Altars:
Ashenzari
Cheibriados
Dithmenos
Elyvilon
Fedhas
Gozag
Hepliaklqana
Kikubaaqudgha
Makhleb
Nemelex Xobeh
Okawaru
Qazlal
Ru
Sif Muna
Trog
Uskayaw
Vehumet
Wu Jian
Xom
Yredelemnul
Zin
The Shining One

Shops:
D:1 *   D:2 (   D:3 =

Annotations:
D:8 2 runed translucent doors, exclusion: orange crystal statue


Innate Abilities, Weirdness & Mutations

You have a pair of horns on your head.
You reflexively headbutt those who attack you in melee.


Message History

The tengu warrior completely misses you.
The tengu warrior claws you but does no damage.
You slash the tengu warrior!
The tengu warrior is severely wounded.
You barely miss the tengu warrior. Your headbutt misses the tengu warrior.
The tengu warrior is severely wounded.
The tengu warrior closely misses you. The tengu warrior pecks you.
* * * LOW HITPOINT WARNING * * *
The tengu warrior barely misses you.
You hit the tengu warrior. You headbutt the tengu warrior.
The tengu warrior is almost dead.
You miss the tengu warrior. Your headbutt misses the tengu warrior.
The tengu warrior is almost dead.
The tengu warrior closely misses you. The tengu warrior pecks you.
* * * LOW HITPOINT WARNING * * *
The tengu warrior claws you but does no damage.
You miss the tengu warrior.
The tengu warrior is severely wounded.
You miss the tengu warrior.
The tengu warrior is severely wounded.
The tengu warrior hits you with a +2 great mace of distortion!
* * * LOW HITPOINT WARNING * * *
Space bends around you.
* * * LOW HITPOINT WARNING * * *
The tengu warrior pecks you but does no damage.
The tengu warrior claws you but does no damage.
You miss the tengu warrior.
The tengu warrior is severely wounded.
You closely miss the tengu warrior. You headbutt the tengu warrior.
The tengu warrior is almost dead.
The tengu warrior hits you but does no damage.
Space bends around you.
* * * LOW HITPOINT WARNING * * *
The tengu warrior pecks you.
* * * LOW HITPOINT WARNING * * *
The tengu warrior claws you but does no damage.
You barely miss the tengu warrior.
The tengu warrior is almost dead.
The tengu warrior hits you with a +2 great mace of distortion!!
You die...

#..####...##'.......#
#....#⌠...⌠##.......#
#....##...####......#
##.####...##8####..##
...#####...##........###.##
..........)#8..............
8###.......##..............
#.......###8###8#.......
#......@##### ###.......
#......Q...# #..†....
#..........# #.......
#..........# #.......
............# #.......
##..........# #.^.....
#####...#### ###)####
#####.#### #..# #........#
#.##


You could see a tengu warrior.

Vanquished Creatures
  Erica (D:8)
  A two-headed ogre (D:9)
  An ugly thing (D:8)
  A gargoyle (D:8)
  A hornet (D:9)
  9 yaks
  Grum (D:8)
  A steam dragon (D:8)
  Menkaure (D:7)
  An orc warrior (D:7)
  An ice beast (D:6)
  A sky beast (D:5)
  2 black bears (D:7)
  An ogre (D:4)
  2 wolves (D:8)
  5 centaurs
  A phantom (D:5)
  A kobold brigand (D:6)
  Blork the orc (D:6)
  A gnoll sergeant (D:9)
  3 bullfrogs
  A wyvern zombie (D:5)
  6 scorpions
  A wyvern skeleton (D:7)
  A water moccasin skeleton (D:5)
  A howler monkey (D:8)
  A jelly (D:4)
  2 hounds (D:6)
  5 centaur zombies
  An orc priest (D:8)
  2 iguanas
  3 bullfrog skeletons
  3 orc wizards (D:8)
  A killer bee zombie (D:7)
  4 gnolls
  9 adders
  A shadow imp (D:5)
  A white imp (D:8)
  2 ufetubi
  An adder skeleton (D:4)
  A worm (D:5)
  4 dart slugs
  10 orcs
  4 bats
  2 endoplasms
  2 giant cockroaches
  3 hobgoblins
  5 jackals
  12 kobolds
  5 quokkas
  7 ball pythons
  3 frilled lizards
  3 goblins
  10 rats
154 creatures vanquished.

Vanquished Creatures (others)
  A plant (D:4)
  3 toadstools (D:9)
4 creatures vanquished.

Grand Total: 158 creatures vanquished

Notes
Turn   | Place    | Note
-------+----------+-------------------------------------------
     0 | D:1      | EldarEldrad the Minotaur Berserker began the quest for the
                  | Orb.
     0 | D:1      | Reached XP level 1. HP: 19/19 MP: 0/0
    81 | D:1      | Reached XP level 2. HP: 16/27 MP: 1/1
   496 | D:1      | Reached skill level 4 in Axes
   550 | D:1      | Found Gyxiuw's Assorted Antiques.
   651 | D:1      | Reached XP level 3. HP: 31/33 MP: 2/2
   896 | D:1      | Bought a scroll labelled JIRITH POYBEA for 22 gold pieces
   929 | D:2      | Found Iliakhlai's Weapon Shoppe.
   955 | D:2      | Reached ** piety under Trog
  1528 | D:3      | Reached XP level 4. HP: 35/40 MP: 3/3
  1906 | D:3      | Found Uguokkem's Jewellery Emporium.
  1932 | D:3      | Noticed a centaur
  1944 | D:3      | HP: 2/61 [centaur (4)]
  1945 | D:3      | Killed a centaur
  1946 | D:3      | Reached skill level 5 in Axes
  1946 | D:3      | Reached XP level 5. HP: 3/47 MP: 4/4
  2531 | D:4      | Noticed an ogre
  2539 | D:4      | Killed an ogre
  2964 | D:4      | Reached skill level 5 in Fighting
  2964 | D:4      | Reached XP level 6. HP: 52/56 MP: 5/5
  3332 | D:4      | Reached skill level 6 in Axes
  4118 | D:5      | Entered Level 5 of the Dungeon
  4343 | D:5      | Reached XP level 7. HP: 59/61 MP: 6/6
  4566 | D:5      | Reached skill level 7 in Axes
  4566 | D:5      | Reached skill level 5 in Armour
  4860 | D:5      | Reached *** piety under Trog
  5008 | D:5      | Reached skill level 5 in Dodging
  5315 | D:1      | Bought a murky dark potion for 19 gold pieces
  5315 | D:1      | Bought a scroll labelled JIRITH POYBEA for 22 gold pieces
  5408 | D:6      | Reached XP level 8. HP: 64/70 MP: 7/7
  5423 | D:6      | Reached skill level 8 in Axes
  5442 | D:6      | Noticed Blork the orc
  5451 | D:6      | Killed Blork the orc
  6391 | D:7      | Noticed Menkaure
  6408 | D:7      | Killed Menkaure
  6409 | D:7      | Reached skill level 9 in Axes
  6515 | D:7      | Found a bloodstained altar of Trog.
  6555 | D:7      | Reached XP level 9. HP: 79/79 MP: 8/8
  6625 | D:7      | Found a staircase to the Ecumenical Temple.
  6634 | Temple   | Entered the Ecumenical Temple
  7550 | D:1      | Bought a small moonstone ring for 110 gold pieces
  7550 | D:1      | Bought a brass ring for 110 gold pieces
  7646 | D:8      | Upgraded the game from 0.27-a0-1180-g7fc4abc71e to
                  | 0.27-a0-1182-gee19b5822f
  7664 | D:8      | Noticed a purple ugly thing
  7684 | D:8      | Killed a purple ugly thing
  7685 | D:8      | Reached skill level 10 in Axes
  7870 | D:8      | Found a runed translucent door.
  7876 | D:8      | Found the +10 tower shield of Ignorance {rN+ Int-4}
  7890 | D:8      | Found a runed translucent door.
  7890 | D:8      | Noticed an orange crystal statue
  7935 | D:8      | Noticed Grum
  7938 | D:8      | Noticed a gargoyle
  7953 | D:8      | Killed Grum
  7954 | D:8      | Killed a gargoyle
  7955 | D:8      | Reached skill level 11 in Axes
  8176 | D:8      | Reached **** piety under Trog
  8509 | D:8      | Noticed Erica
  8514 | D:8      | Killed Erica
  8515 | D:8      | Reached XP level 10. HP: 88/88 MP: 9/9
  8613 | D:8      | Reached skill level 12 in Axes
  9319 | D:9      | Noticed a two-headed ogre
  9331 | D:9      | Killed a two-headed ogre
  9627 | D:9      | Reached skill level 13 in Axes
  9801 | D:9      | Noticed a tengu warrior
  9830 | D:9      | Mangled by a tengu warrior

Illustrated notes

Levels and vault maps discovered:
D:1:      co_arrival_square_in_a_square_in_a_square, layout_rooms, serial_shops,
          nicolae_shop_behind_doors
D:2:      layout_rooms, serial_shops,
          nicolae_shop_temple_entry_statues_fountains
D:3:      layout_rooms, serial_shops, nicolae_shop_crystal,
          wander_ebering_terrifying_dragon_lair
D:4:      layout_layer_cave, saegor_snake_ambush
D:5:      layout_basic
D:6:      layout_basic, uniq_blork_the_orc
D:7:      layout_gridville, trog_butcher_becter, minmay_temple_entry_overgrown,
          minmay_misc_feat_chi, uniq_menkaure
D:8:      layout_basic, grunt_ministairs_11, hangedman_abyss_or_decor_stagger,
          corexii_hall_statues_u, chequers_guarded_unrand_ignorance, uniq_grum,
          uniq_erica
D:9:      layout_roguey, serial_corexii_hall, corexii_hall_statues_t,
          corexii_hall_statues_s, minmay_gold_behind_fungi
Temple:   regret_index_temple_sigil_plot

Skill      XL: |  1  2  3  4  5  6  7  8  9 10 |
---------------+-------------------------------+-----
Fighting       | 4 5 6 7 8 |  8.0
Axes           | 4 5 6 7 9 11 13 | 13.0
Armour         | 3 4 5 6 8 9 |  9.6
Dodging        | 3 4 5 6 7 8 |  8.8

Action                   |  1- 3 |  4- 6 |  7- 9 | 10-12 || total
-------------------------+-------+-------+-------+-------++-------
Melee: Hand axe          |    64 |       |       |       ||    64
       Headbutt          |     6 |    15 |    55 |    39 ||   115
       War axe           |     4 |    82 |   223 |   115 ||   424
Throw: Stone             |    36 |     7 |       |       ||    43
       Dart              |       |     4 |       |       ||     4
Invok: Berserk           |     1 |     2 |     7 |     2 ||    12
       Trog's Hand       |       |     2 |     2 |       ||     4
  Use: Scroll            |       |       |     9 |       ||     9
Armor: Animal skin       |    10 |     2 |       |       ||    12
       Ring mail         |       |     8 |       |       ||     8
       Chain mail        |       |    18 |   150 |    61 ||   229
Dodge: Dodged            |    28 |    41 |   115 |    60 ||   244

Table legend: (Time is in decaauts)
 A = Elapsed time spent in this place.
 B = Non-inter-level travel time spent in this place.
 C = Inter-level travel time spent in this place.
 D = Time resting spent in this place.
 E = Time spent auto-exploring this place.
 F = Levels seen in this place.
 G = Mean time per level.
                   A        B        C        D        E       F      G
               +--------+--------+--------+--------+--------+-----+--------+
         Total |   9992 |   9352 |    640 |   2217 |   5291 |  10 |  999.2 |
       Dungeon |   9518 |   8910 |    608 |   2217 |   5044 |   9 | 1057.6 |
        Temple |    473 |    441 |     32 |      0 |    247 |   1 |  473.0 |
               +--------+--------+--------+--------+--------+-----+--------+

Top non-repeatable levels by time:
     D:4: 1754 daAuts
     D:8: 1434 daAuts
     D:5: 1227 daAuts
     D:3: 1055 daAuts
     D:6: 1033 daAuts
     D:1: 983 daAuts
     D:9: 782 daAuts
     D:2: 628 daAuts
     D:7: 618 daAuts
  Temple: 473 daAuts
